 Dungeon Crawl Stone Soup version 0.26.1-10-gdfb7c7de75 (webtiles) character file.

Game seed: 3336324023363239164

24 lauthentik the Ruffian (level 2, -1/23 HPs)
             Began as a Draconian Transmuter on Apr 9, 2021.
             Slain by Terence
             ... wielding a +2 vorpal flail
              (10 damage)
             ... on level 2 of the Dungeon.
             The game lasted 00:04:26 (883 turns).

lauthentik the Ruffian (Draconian Transmuter)        Turns: 883, Time: 00:04:26

Health: -1/23      AC:  4    Str: 12    XL:     2   Next: 79%
Magic:  4/5        EV: 12    Int: 13    God:
Gold:   56         SH:  0    Dex: 11    Spells: 4/5 levels left

rFire    . . .     SeeInvis .     - Unarmed
rCold    . . .     Faith    .   (no shield)
rNeg     . . .     Spirit   .   (armour unavailable)
rPois    .         Reflect  .   (helmet currently unavailable)
rElec    .         Harm     .   (no cloak)
rCorr    .         Rampage  .   (no gloves)
Will     .....                  (boots currently unavailable)
Stlth    +.........             (no amulet)
HPRegen  0.07/turn              (no ring)
MPRegen  0.09/turn              (no ring)

@: appendages
A: unfitting armour, horns 2, talons 2, cold-blooded, AC +4
a: End Transformation


You were on level 2 of the Dungeon.
You had grown temporary horns.
You had grown temporary talons.
You visited 1 branch of the dungeon, and saw 2 of its levels.

You collected 56 gold pieces.

Inventory:

Hand Weapons
 a - a +0 hunting sling
Missiles
 f - 14 stones
Jewellery
 e - an uncursed ring of stealth {unknown}
Scrolls
 b - a scroll of teleportation {unknown}
 c - 2 scrolls of identify {unknown}
 d - a scroll of remove curse {unknown}
Potions
 g - a potion of cancellation {unknown}


   Skills:
 + Level 1.1 Fighting
 + Level 1.9 Dodging
 + Level 0.2 Stealth
 + Level 3.5 Unarmed Combat
 + Level 2.4 Spellcasting
 + Level 2.1 Transmutations


You had 4 spell levels left.
You knew the following spells:

 Your Spells              Type           Power        Failure   Level
a - Beastly Appendage     Tmut           14%          11%         1

Your spell library contained the following spells:

 Spells                   Type           Power        Failure   Level
 Wereblood                Tmut           7%           16%         2
 Spider Form              Tmut/Pois      2%           43%         3
 Ice Form                 Ice/Tmut       4%           85%         4
 Blade Hands              Tmut           3%           96%         5


Dungeon Overview and Level Annotations

Branches:
Dungeon (2/15)

Altars:

Annotations:
D:2 Terence


Innate Abilities, Weirdness & Mutations

Your plain brown scales are hard. (AC +4)
You cannot fit into any form of body armour.
You are cold-blooded and may be slowed by cold attacks.
You have a pair of horns on your head.
You have razor-sharp toenails.


Message History

You shoot a stone. The stone closely misses the bat.
The stone hits Terence.
Terence is lightly wounded.
The bat hits you but does no damage.
Fire: 15 stones
Press: ? - help, Q - select action, (/) - cycle Shift-Dir - straight line, f/p - Terence
Aim: Terence, wielding a +2 vorpal flail and wearing a +0 chain mail (lightly wounded, 62% to hit)
You shoot a stone.
The stone hits Terence but does no damage.
Terence is lightly wounded.
Your horns disappear.
Your talons disappear.
You are now empty-handed.
You grow a pair of large bovine horns.
Your feet morph into talons.
Terence hits you with a +2 vorpal flail.
You are too injured to fight recklessly!
You hit Terence but do no damage.
Terence is lightly wounded.
You barely miss Terence. You claw Terence. Your headbutt misses Terence.
Terence is moderately wounded.
Terence hits you with a +2 vorpal flail!
You die...

#.# #.# #.# #.#
#.# #.# #†# #(#
#@#
........@B.!...
..#####.##.....
.(. .... ..#
... ...# ..
...# . ....#


You could see Terence and a giant cockroach.

Vanquished Creatures
  A worm (D:2)
  A dart slug (D:1)
  A ball python (D:2)
  2 bats (D:1)
  A giant cockroach (D:1)
  4 jackals (D:2)
  A frilled lizard (D:1)
  5 kobolds (D:1)
  2 rats
18 creatures vanquished.

Notes
Turn   | Place    | Note
-------+----------+-------------------------------------------
     0 | D:1      | lauthentik the Draconian Transmuter began the quest for the
                  | Orb.
     0 | D:1      | Reached XP level 1. HP: 16/16 MP: 3/3
   250 | D:1      | Reached XP level 2. HP: 19/23 MP: 3/5
   875 | D:2      | Noticed Terence
   883 | D:2      | Slain by Terence

Illustrated notes

Levels and vault maps discovered:
D:1:      tarquinn_simple_flora_water_b, layout_loops_cross, minmay_unequal
D:2:      layout_basic, pdpol_wu_jian_five_deadly_venoms, minmay_pentomino_q2,
          uniq_terence, uniq_sigmund

Action                   || total
-------------------------++-------
Melee: Unarmed           ||    59
       Kick              ||     8
       Tailslap          ||     4
       Headbutt          ||     2
 Fire: Hunting sling     ||    10
 Cast: Beastly Appendage ||    10
Armor: Skin              ||    25
Dodge: Dodged            ||    34
